 Dungeon Crawl Stone Soup version 0.26.0-16-gc1dbca0489 (webtiles) character file.

Game seed: 12471510844637897513

205 Araneus the Cudgeller (level 5, 0/41 HPs)
             Began as a Demonspawn Fighter on Jan 9, 2021.
             Slain by an iguana (10 damage)
             ... on level 4 of the Dungeon on Jan 21, 2021.
             The game lasted 00:08:59 (3075 turns).

Araneus the Cudgeller (Demonspawn Fighter)          Turns: 3075, Time: 00:09:00

Health: 0/41       AC: 11    Str: 17    XL:     5   Next: 53%
Magic:  5/5        EV:  4    Int:  9    God:
Gold:   162        SH: 12    Dex: 13    Spells: 4/4 levels left

rFire    . . .     SeeInvis .   a - +1 flail
rCold    . . .     Faith    .   c - +0 kite shield
rNeg     . . .     Spirit   .   o - +0 chain mail
rPois    .         Reflect  .   (helmet restricted)
rElec    .         Harm     .   (no cloak)
rCorr    .         Rampage  .   (no gloves)
Will     .....     Rnd*Tele +   m - +1 pair of boots
Stlth    ..........             (no amulet)
HPRegen  0.13/turn              p - ring of teleportation (curse)
MPRegen  0.09/turn              w - ring of flight

@: no status effects
A: horns 1, large bone plates 1, powered by death 1
a: Evoke Flight


You were on level 4 of the Dungeon.
You visited 1 branch of the dungeon, and saw 4 of its levels.

You collected 162 gold pieces.

Inventory:

Hand Weapons
 a - a +1 flail (weapon)
Armour
 c - a +0 kite shield (worn)
 m - a +1 pair of boots (worn)
 o - a +0 chain mail (worn)
 u - a scarf of harm
Jewellery
 b - an uncursed ring of wizardry
 h - a +6 ring of dexterity
 k - an uncursed ring of protection from cold
 p - a cursed ring of teleportation (left hand)
 w - a ring of flight (right hand)
Wands
 t - a wand of paralysis (6)
Scrolls
 i - a scroll of identify
 j - a scroll of immolation {unknown}
Potions
 d - 3 potions of might
 e - a potion of lignification
 f - 2 potions of brilliance
 l - 2 potions of cancellation
 n - a potion of haste {unknown}
 q - a potion of heal wounds {unknown}


   Skills:
 - Level 3.0 Fighting
 + Level 5.3 Maces & Flails
 - Level 2.6 Armour
 - Level 2.6 Shields


You had 4 spell levels left.
You didn't know any spells.
Your spell library was empty.

Dungeon Overview and Level Annotations

Branches:
Dungeon (4/15)
 Temple: D:4-7

Altars:
Uskayaw

Shops:
D:4 [


Innate Abilities, Weirdness & Mutations

You have a pair of small horns on your head.
You are partially covered in large bone plates. (SH +4)
You regenerate a little health from kills.


Message History

You feel sick. You block the worker ant's attack.
You feel sick. You block the iguana's attack.
Found a glowing dagger.
You feel sick.
The iguana hisses menacingly.
It was a potion of brilliance.
You feel clever all of a sudden.
You feel sick. You block the iguana's attack.
It was a potion of cancellation.
Your magical effects are unravelling.
You feel magically purged.
You feel a little less clever now.
You feel sick. The iguana bites you.
* * * LOW HITPOINT WARNING * * *
It was a potion of curing.
You feel better.
The iguana bites you but does no damage.
You sock the iguana!
The iguana is severely wounded.
The iguana bites you!
You die...

#...........
#..........
#.).......
#........
#.......
#......
#....# #@#
#l## #BB#
#####s#
##.....## .
#.......##
....
##.......##
....
#........##
.....
#.........##
......


You could see a scorpion, an iguana and 2 worker ants.

Vanquished Creatures
  A scorpion (D:4)
  A hound (D:4)
  5 adders
  4 worms
  A dart slug (D:2)
  2 leopard geckos
  7 bats
  4 giant cockroaches
  9 goblins
  6 hobgoblins
  4 jackals
  7 kobolds
  A quokka (D:4)
  2 frilled lizards
  6 rats
60 creatures vanquished.

Notes
Turn   | Place    | Note
-------+----------+-------------------------------------------
     0 | D:1      | Araneus the Demonspawn Fighter began the quest for the Orb.
     0 | D:1      | Reached XP level 1. HP: 18/18 MP: 1/1
    34 | D:1      | Reached skill level 2 in Maces & Flails
   176 | D:1      | Gained mutation: You regenerate a little health from kills.
                  | [demonic ancestry]
   176 | D:1      | Reached XP level 2. HP: 24/24 MP: 2/2
   559 | D:1      | Reached skill level 3 in Maces & Flails
   755 | D:2      | Found a hide-covered altar of Uskayaw.
   755 | D:2      | Noticed a +0 dagger
   755 | D:2      | Noticed a +0 dagger
   798 | D:2      | Gained mutation: You have a pair of small horns on your
                  | head. [demonic ancestry]
   798 | D:2      | Reached XP level 3. HP: 20/29 MP: 3/3
  1223 | D:2      | Gained mutation: You are partially covered in large bone
                  | plates. (SH +4) [demonic ancestry]
  1223 | D:2      | Reached XP level 4. HP: 35/35 MP: 4/4
  1224 | D:2      | Reached skill level 4 in Maces & Flails
  1892 | D:3      | Upgraded the game from 0.26.0-3-g156281e41b to
                  | 0.26.0-16-gc1dbca0489
  2803 | D:4      | Reached XP level 5. HP: 38/41 MP: 5/5
  2943 | D:4      | Found Optim's Armour Emporium.
  2954 | D:4      | Reached skill level 5 in Maces & Flails
  3073 | D:4      | HP: 2/41 [iguana (4)]
  3075 | D:4      | Slain by an iguana

Illustrated notes

Levels and vault maps discovered:
D:1:      mrwooster_arrival_statue_3, layout_loops_ring, minmay_door_square
D:2:      layout_basic, dancing_weapons_uskayaw, minmay_misc_feat_square,
          grunt_ministairs_4
D:3:      layout_basic, kennysheep_generic_room_10
D:4:      layout_cave_pods, serial_shops, shop_fountains, lemuel_angel_altar

Skill      XL: |  1  2  3  4  5 |
---------------+----------------+-----
Maces & Flails | 2 3 4 5 |  5.3
Fighting       | |  3.0
Armour         | |  2.6
Shields        | |  2.6

Action                   |  1- 3 |  4- 6 || total
-------------------------+-------+-------++-------
Melee: Flail             |   128 |    84 ||   212
       Headbutt          |     6 |    17 ||    23
  Use: Scroll            |       |     6 ||     6
       Potion            |       |     3 ||     3
Armor: Scale mail        |    45 |       ||    45
       Chain mail        |    12 |    43 ||    55
Dodge: Dodged            |    45 |    15 ||    60
Block: Kite shield       |    53 |    71 ||   124
